 Dungeon Crawl Stone Soup version 0.28-a0-479-g5baa6b73be (webtiles) character file.

Game seed: 3314312328582611737

445 spiderkeys the Cutter (level 7, 0/44 HPs)
             Began as a Kobold Abyssal Knight on Sept 18, 2021.
             Was a Believer of Lugonu.
             Slain by a bullfrog zombie (5 damage)
             ... on level 5 of the Dungeon.
             The game lasted 00:05:26 (6008 turns).

spiderkeys the Cutter (Kobold Abyssal Knight)       Turns: 6008, Time: 00:05:27

Health: 0/44       AC: -3    Str: 10    XL:     7   Next: 23%
Magic:  18/18      EV: 15    Int: 13    God:    Lugonu [**....]
Gold:   148        SH:  0    Dex: 16    Spells: 6/6 levels left

rFire   . . .      SeeInvis .   k - +1 dagger (venom)
rCold   . . .      Faith    .   (shield restricted)
rNeg    . . .      Spirit   .   b - +1 leather armour
rPois   .          Reflect  .   (no helmet)
rElec   .          Harm     .   (no cloak)
rCorr   .          Rampage  .   (no gloves)
Will    .....                   (no boots)
Stlth   +++.......              A - amulet of the acrobat
HPRegen 0.14/turn               W - ring of magical power
MPRegen 0.16/turn               (no ring)

@: corroded
A: small, no large weapons, nightstalker 3
a: Renounce Religion, Depart the Abyss, Bend Space


You were on level 5 of the Dungeon.
You worshipped Lugonu.
Lugonu was pleased with you.
You visited 1 branch of the dungeon, and saw 5 of its levels.
You visited the Abyss 1 time.

You collected 181 gold pieces.
You spent 33 gold pieces at shops.


Innate Abilities, Weirdness & Mutations

You are small and have problems with some larger weapons.
You are completely attuned to the shadows.


   Skills:
 + Level 4.7 Fighting
 + Level 4.9 Short Blades
 - Level 1.0 Armour
 + Level 4.4 Dodging
 + Level 4.0 Stealth
 + Level 3.8 Invocations


You had 6 spell levels left.
You didn't know any spells.
Your spell library contained the following spells:

 Spells                   Type           Power      Damage    Failure   Level
 Animate Skeleton         Necr           0%         N/A       38%         1
 Apportation              Tloc           0%         N/A       38%         1
 Summon Small Mammal      Summ           0%         N/A       38%         1

Inventory:

Hand Weapons
 a - a +1 short sword
 i - a +1 dagger of speed
   (You took it off a kobold on level 1 of the Dungeon)
 j - a +0 rapier
   (You found it on level 4 of the Dungeon)
 k - a +1 dagger of venom (weapon)
   (You found it on level 1 of the Dungeon)
Missiles
 c - 108 stones
 d - 3 datura-tipped darts
 f - 18 sling bullets
 g - 14 poisoned darts
 h - 20 arrows
 m - a throwing net {=f!f}
Armour
 b - a +1 leather armour (worn)
Jewellery
 A - an amulet of the acrobat (around neck)
   (You found it on level 2 of the Abyss)
 W - a ring of magical power (left hand)
   (You found it on level 3 of the Dungeon)
Scrolls
 e - a scroll of identify {@r1}
Potions
 l - a potion of curing {@q1}

Dungeon Overview and Level Annotations

Branches:
Dungeon (5/15)
 Temple: D:4-7

Altars:
Dithmenos
Kikubaaqudgha
Ru
Wu Jian
The Shining One

Shops:
D:3

! #....#
####..!.##.
..#.......
#.#.....#
#.#.....#
+..J....#
#Z###+#.#
#.@.......
#.###.# ..
#.# #.# ...
...


You could see a bullfrog zombie.


Message History

Found an escape hatch in the floor.
There is an escape hatch in the floor here.
Key pressed, stopping explore.
Found a stone staircase leading up.
No target in view!
g - 14 poisoned darts (gained 8)
You open the door.
There is an open door here.
You open the door.
There is an open door here.
Found a stone staircase leading down.
You pick up a book of Cantrips and begin reading...
You add the spells Animate Skeleton, Summon Small Mammal and Apportation to your library.
You now have 148 gold pieces (gained 14).
m - a throwing net {=f!f} You open the door.
Found an escape hatch in the ceiling.
There is an open door here.
You open the door.
There is an open door here.
There is a shaft here.
There is a shaft here.
There is a shaft here.
Things that are here:
a +0 dagger; a goblin corpse
There is an open door here.
A hobgoblin comes into view.
A hobgoblin is nearby!
A jackal skeleton comes into view.
You hit the jackal skeleton.
The hobgoblin shouts!
The jackal skeleton bites you but does no damage.
You hit the jackal skeleton.
You destroy the jackal skeleton!
Lugonu accepts your kill.
You hit the hobgoblin.
The hobgoblin is poisoned.
The hobgoblin misses you.
You hit the hobgoblin.
You kill the hobgoblin!
Lugonu accepts your kill.
No target in view!
No target in view!
Done exploring.
Done exploring.
Done exploring.
Okay, then.
Done exploring.
Done exploring.
Done exploring.
Done exploring.
There is a stone staircase leading down here.
You climb downwards.
There is a stone staircase leading up here.
A bullfrog zombie comes into view.
A jelly comes into view.
The bullfrog zombie completely misses you.
You hit the bullfrog zombie.
The jelly quivers.
The bullfrog zombie hits you. 😕 HP[-4]
You take 4 damage, and now have 40/44 hp.
You completely miss the bullfrog zombie.
The bullfrog zombie hits you. 😕 HP[-1]
You take 1 damage, and now have 39/44 hp.
You hit the bullfrog zombie.
The bullfrog zombie hits you but does no damage.
The jelly hits you but does no damage.
You closely miss the bullfrog zombie. The bullfrog zombie hits you.
You hit the bullfrog zombie. The jelly hits you but does no damage.
The bullfrog zombie misses you.
You hit the bullfrog zombie. The jelly hits you but does no damage.
The bullfrog zombie closely misses you.
You hit the jelly.
Your hands burn!
The bullfrog zombie misses you.
The jelly hits you but does no damage. 😕 HP[-5]
You take 5 damage, and now have 34/44 hp.
You hit the jelly. The acid corrodes you!
Your hands burn!
The bullfrog zombie barely misses you. 😮 HP[-2]
You take 2 damage, and now have 32/44 hp.
You hit the jelly but do no damage.
Your hands burn!
The jelly closely misses you. 😮 HP[-1]
You take 1 damage, and now have 31/44 hp.
You hit the jelly.
Your hands burn!
The bullfrog zombie hits you. The jelly hits you.
* * * LOW HITPOINT WARNING * * *
The acid corrodes you!
You are splashed with acid!
* * * LOW HITPOINT WARNING * * *
😱 HP[-21]
You take 21 damage, and now have 10/44 hp.
MASSIVE DAMAGE!! (PAUSE)
The bullfrog zombie hits you.
* * * LOW HITPOINT WARNING * * *
😱 HP[-6]
You take 6 damage, and now have 4/44 hp. 😱 HP[+1]
There is a stone staircase leading up here.
The bullfrog zombie hits you.
You die...

Skill      XL: |  1  2  3  4  5  6  7 |
---------------+----------------------+-----
Armour         | 1 |  1.0
Short Blades   | 3 4 |  4.9
Stealth        | 2 3 4 |  4.0
Dodging        | 3 4 |  4.4
Fighting       | 4 |  4.7
Invocations    | 3 |  3.8

Action                   |  1- 3 |  4- 6 |  7- 9 || total
-------------------------+-------+-------+-------++-------
Melee: Short sword       |    86 |       |       ||    86
       Dagger            |    40 |    73 |    66 ||   179
Invok: Depart the Abyss  |     1 |       |       ||     1
  Use: Scroll            |     3 |     3 |     1 ||     7
       Potion            |     1 |     2 |       ||     3
 Stab: Sleeping          |    12 |    13 |     4 ||    29
Armor: Leather armour    |    23 |    17 |    14 ||    54
Dodge: Dodged            |    69 |    55 |    38 ||   162

Levels and vault maps discovered:
D:1:      tarquinn_simple_flora_water_c, layout_loops_ring,
          hangedman_decor_growths
D:2:      layout_basic
D:3:      layout_loops_corners, grunt_temple_overflow_diamond,
          mainiacjoe_overflow_tiny_flanked, serial_shops, shop,
          shapermc_ecumenical_altar_gd, uniq_sigmund
D:4:      layout_basic, nzn_wu_jian_council_hall
D:5:      layout_basic, nzn_hepliaklqana_mist_gate, minmay_temple_entry_junction

Notes
Turn   | Place    | Note
-------+----------+-------------------------------------------
     0 | Abyss:1  | spiderkeys the Kobold Abyssal Knight began the quest for
                  | the Orb.
     0 | Abyss:1  | Reached XP level 1. HP: 14/14 MP: 2/2
     0 | Abyss:1  | magus.rc [v1.9.10]
    59 | Abyss:1  | Found a corrupted altar of Lugonu.
    88 | Abyss:2  | Found a corrupted altar of Lugonu.
   127 | Abyss:2  | Noticed a worldbinder
   152 | Abyss:2  | Noticed a lich
   193 | Abyss:2  | Noticed a wretched star
   204 | Abyss:2  | Noticed a raiju
   211 | D:1      | You pass through the gate.
   211 | D:1      | Escaped the Abyss
   635 | D:1      | Reached skill level 1 in Armour
   635 | D:1      | Reached XP level 2. HP: 18/19 MP: 3/3
   690 | D:1      | You fall into a shaft and drop 1 floor!
   696 | D:2      | Reached skill level 3 in Short Blades
   765 | D:2      | Reached * piety under Lugonu
  1154 | D:2      | Reached XP level 3. HP: 13/23 MP: 4/4
  1476 | D:1      | HP: 5/23 [ball python (3)]
  1852 | D:1      | Reached skill level 1 in Stealth
  2281 | D:1      | Reached skill level 3 in Dodging
  3036 | D:3      | Found Jihockun's Distillery.
  3041 | D:3      | Bought a potion of curing for 33 gold pieces
  3071 | D:3      | Noticed Sigmund
  3083 | D:3      | HP: 3/23 [Sigmund (6)]
  3085 | D:3      | Killed Sigmund
  3086 | D:3      | Reached skill level 4 in Fighting
  3086 | D:3      | Reached skill level 4 in Short Blades
  3086 | D:3      | Reached skill level 2 in Stealth
  3086 | D:3      | Reached skill level 3 in Invocations
  3086 | D:3      | Reached XP level 4. HP: 4/29 MP: 6/6
  3086 | D:3      | Reached XP level 5. HP: 5/33 MP: 7/7
  3086 | D:3      | Reached XP level 6. HP: 6/38 MP: 8/8
  3542 | D:3      | Reached skill level 3 in Stealth
  3842 | D:3      | Found an ancient bone altar of Kikubaaqudgha.
  3845 | D:3      | Found a sacrificial altar of Ru.
  3849 | D:3      | Found a shadowy altar of Dithmenos.
  4057 | D:3      | Found a glowing golden altar of the Shining One.
  4111 | D:3      | Found a faded altar of an unknown god.
  4552 | D:4      | Noticed a black bear
  4556 | D:4      | Killed a black bear
  4557 | D:4      | Reached skill level 4 in Dodging
  4933 | D:4      | Reached XP level 7. HP: 34/44 MP: 9/9
  5025 | D:4      | HP: 11/44 [acid (7)]
  5449 | D:4      | Reached skill level 4 in Stealth
  5559 | D:4      | Reached ** piety under Lugonu
  5653 | D:4      | Found an ornate altar of the Wu Jian Council.
  5901 | D:4      | You pick up a book of Cantrips and begin reading...
  5901 | D:4      | You add the spells Animate Skeleton, Summon Small Mammal
                  | and Apportation to your library.
  5984 | D:5      | Entered Level 5 of the Dungeon
  6002 | D:5      | HP: 10/44 [acid (12)]
  6003 | D:5      | HP: 4/44 [bullfrog zombie (6)]
  6008 | D:5      | Slain by a bullfrog zombie

Vanquished Creatures
  Sigmund (D:3)
  A black bear (D:4)
  A centaur zombie (D:4)
  A jelly (D:4)
  An orc wizard (D:4)
  3 adders
  An adder skeleton (D:4)
  A dart slug (D:1)
  7 orcs
  10 endoplasms
  3 giant cockroaches (D:1)
  11 goblins
  4 hobgoblins
  6 kobolds
  3 quokkas
  4 ball pythons
  4 bats
  A jackal skeleton (D:4)
  6 rats
69 creatures vanquished.

Table legend:
 A = Non-vault XP
 B = Vault XP
 C = Vault XP percentage of total XP
 D = Non-vault monster count
 E = Vault monster count
 F = Vault count percentage of total count
                 A         B        C        D         E       F
            +---------+---------+-------+---------+---------+-------
      Total |     416 |     220 |  34.6 |      68 |       1 |   1.4
            +---------+---------+-------+---------+---------+-------
        D:1 |      33 |       0 |   0.0 |      20 |       0 |   0.0
        D:2 |      25 |       0 |   0.0 |      15 |       0 |   0.0
        D:3 |      37 |     220 |  85.6 |      12 |       1 |   7.7
        D:4 |     321 |       0 |   0.0 |      21 |       0 |   0.0
            +---------+---------+-------+---------+---------+-------

Illustrated notes

Table legend:
 A = Kills in this place as a percentage of kills in entire the game.
 B = Kills by you in this place as a percentage of kills by you in the entire game.
 C = Kills by friends in this place as a percentage of kills by friends in the entire game.
 D = Other kills in this place as a percentage of other kills in the entire game.
 E = Experience gained in this place as a percentage of experience gained in the entire game.
 F = Experience gained in this place divided by the number of levels of this place that you have seen.
                   A       B       C       D       E      F
               +-------+-------+-------+-------+-------+----------------------
         Total | 100.0 | 100.0 |   N/A |   N/A | 100.0 |  90.9
       Dungeon | 100.0 | 100.0 |   N/A |   N/A | 100.0 | 127.2
               +-------+-------+-------+-------+-------+----------------------

Table legend: (Time is in decaauts)
 A = Elapsed time spent in this place.
 B = Non-inter-level travel time spent in this place.
 C = Inter-level travel time spent in this place.
 D = Time resting spent in this place.
 E = Time spent auto-exploring this place.
 F = Levels seen in this place.
 G = Mean time per level.
                   A        B        C        D        E       F      G
               +--------+--------+--------+--------+--------+-----+--------+
         Total |   5973 |   5877 |     96 |    643 |   4510 |   7 |  853.3 |
       Dungeon |   5762 |   5666 |     96 |    643 |   4478 |   5 | 1152.4 |
         Abyss |    210 |    210 |      0 |      0 |     32 |   2 |  105.0 |
               +--------+--------+--------+--------+--------+-----+--------+

Top non-repeatable levels by time:
     D:3: 1618 daAuts
     D:1: 1495 daAuts
     D:4: 1405 daAuts
     D:2: 1223 daAuts
 Abyss:2: 122 daAuts
 Abyss:1: 88 daAuts
     D:5: 21 daAuts
